 Dungeon Crawl Stone Soup version 0.29.1 (webtiles) character file.

Game seed: 17268906540758897097

139180 qw the Warrior (level 16, -2/160 HPs)
             Began as a Minotaur Berserker on Sept 13, 2022.
             Was an Elder of Trog.
             Slain by a merfolk
             ... wielding a +0 trident
             ... led by a merfolk impaler
              (5 damage)
             ... on level 2 of the Shoals.
             The game lasted 00:10:55 (29543 turns).

qw the Warrior (Minotaur Berserker)                Turns: 29543, Time: 00:10:55

Health: -2/160     AC: 36    Str: 33    XL:     16   Next: 73%
Magic:  15/15      EV:  7    Int: 11    God:    Trog [****..]
Gold:   1576       SH: 31    Dex: 12    Spells: 15/15 levels left

rFire   + + +      SeeInvis .   g - +9 broad axe of the Apocalypse {drain, *Corrode rPois rC+ Int+4}
rCold   + + .      Faith    .   C - +18 shield of the Gong {rElec rN+ Will+ EV-5}
rNeg    + . .      Spirit   .   v - +14 chain mail "Edghi" {-Cast rF+++ Dex+4}
rPois   +          Reflect  .   (helmet restricted)
rElec   +          Harm     .   b - +1 cloak of the Learner {rC+ Slay+3 Stlth+}
rCorr   .          Rampage  .   t - +0 pair of gloves of Dishonesty {rF+}
Will    +....      NoCast   +   (no boots)
Stlth   ..........              n - amulet of regeneration
HPRegen 1.96/turn               D - +4 ring of slaying {mikee}
MPRegen 0.14/turn               c - +4 ring of protection

@: about to teleport, weak-willed, on berserk cooldown, slowed, very slow
A: horns 2, retaliatory headbutt, clever 1, sense surroundings 1, regeneration
1, strong 1
a: Renounce Religion, Berserk, Trog's Hand, Brothers in Arms


You were on level 2 of the Shoals.
You worshipped Trog.
Trog was greatly pleased with you.
You visited 5 branches of the dungeon, and saw 27 of its levels.

You collected 2798 gold pieces.
You spent 1222 gold pieces at shops.


Innate Abilities, Weirdness & Mutations

You have a pair of horns on your head.
You reflexively headbutt those who attack you in melee.
Your mind is acute. (Int +4, Str/Dex -1)
You passively map a small area around you.
Your natural rate of healing is unusually fast.
Your muscles are strong. (Str +4, Int/Dex -1)


   Skills:
 - Level 19.0 Fighting
 - Level 18.0 Axes
 - Level 7.0 Throwing
 - Level 16.1 Armour
 + Level 8.9 Dodging
 - Level 16.7 Shields


You had 15 spell levels left.
You didn't know any spells.
Your spell library was empty.

Inventory:

Hand Weapons
 g - the +9 broad axe of the Apocalypse (weapon) {drain, *Corrode rPois rC+ Int+4}
   (You acquired it on level 11 of the Dungeon)

   A truly terrible weapon, it drains the life of any living foe it strikes.
   Int:       It affects your intelligence (+4).
   rC:        It protects you from cold.
   rPois:     It protects you from poison.
   *Corrode:  It may corrode you when you take damage.
 o - a +0 morningstar
Missiles
 l - 21 boomerangs
 p - a silver boomerang (quivered)
Armour
 b - the +1 cloak of the Learner (worn) {rC+ Slay+3 Stlth+}
   (You found it on level 5 of the Dungeon)

   Slay:      It affects your accuracy & damage with ranged weapons and melee
   (+3).
   rC:        It protects you from cold.
   Stlth:     It makes you more stealthy.
 t - the +0 pair of gloves of Dishonesty (worn) {rF+}
   (You bought it in a shop on level 2 of the Orcish Mines)

   rF:        It protects you from fire.
 v - the +14 chain mail "Edghi" (worn) {-Cast rF+++ Dex+4}
   (You found it on level 1 of the Shoals)

   Dex:       It affects your dexterity (+4).
   rF:        It renders you almost immune to fire.
   -Cast:     It prevents spellcasting.
 C - the +18 shield of the Gong (worn) {rElec rN+ Will+ EV-5}
   (You found it on level 5 of the Lair of Beasts)

   It is deafeningly noisy when blocking attacks.
   EV:        It affects your evasion (-5).
   rElec:     It insulates you from electricity.
   rN:        It protects you from negative energy.
   Will:      It increases your willpower.
Jewellery
 c - a +4 ring of protection (right hand)
 j - the ring of the Middle {rPois rN+ Will+}
   (You found it on level 12 of the Dungeon)

   [ring of poison resistance]

   rPois:     It protects you from poison.
   rN:        It protects you from negative energy.
   Will:      It increases your willpower.
 n - an amulet of regeneration (around neck)
 q - a ring of poison resistance
 u - a ring of fire
 D - a +4 ring of slaying (left hand) {mikee}
 Y - a ring of protection from fire
Wands
 y - a wand of digging (9)
Scrolls
 i - 4 scrolls of enchant weapon
 k - 10 scrolls of teleportation
 m - 14 scrolls of identify
Potions
 a - 8 potions of curing
 d - 9 potions of heal wounds
 f - 5 potions of resistance
 h - 5 potions of mutation
 r - 4 potions of haste
 s - 3 potions of cancellation
 A - 2 potions of might

Dungeon Overview and Level Annotations

Branches:
Dungeon (15/15)            Temple (0/1) D:7            Lair (5/5) D:10
 Shoals (2/4) Lair:3       Spider (3/4) Lair:2        Slime (0/5) Lair:5
    Orc (2/2) D:11            Elf (0/3) Orc:2        Vaults (0/5) D:13
 Depths (0/4) D:15

Altars:
Ashenzari
Dithmenos
Gozag
Hepliaklqana
Kikubaaqudgha
Makhleb
Qazlal
Ru
Sif Muna
Trog
Uskayaw
Yredelemnul
The Shining One
Jiyva

Shops:
D:1 [   Orc:2 ?[?!

Annotations:
D:10 2 transporters, Mothringer's ghost, journeyman GnSk
D:15 1 runed translucent door, Qishud's ghost, adept GrEE
Lair:5 1 runed translucent door
Spider:2 2 transporters
Orc:2 2 transporters, qw's ghost, journeyman MiBe


Message History

GONNNNG!
The merfolk hits you but does no damage. x2
The alligator snapping turtle bites you!!
You hear a bellow!
You see here a +0 longbow.
Your unstable footing causes you to fumble your attack.
The merfolk hits you but does no damage.
You block the merfolk's attack.
GONNNNG!
You block the merfolk's attack.
BOUMMMMG!
The faun shoots a sling bullet.
The sling bullet hits you but does no damage.
The merfolk hits you from afar with a +0 glaive.
The faun hits you but does no damage.
The merfolk hits you but does no damage.
The alligator snapping turtle bites you but does no damage.
The merfolk hits you with a +0 halberd.
You hear a bellow!
29543 ||| READING 11 scrolls of teleportation.
As you read the scroll of teleportation, it crumbles to dust.
You feel strangely unstable. You block the merfolk's attack.
BONNNG!
The faun gestures at you while chanting.
Your willpower is stripped away!
You block the merfolk's attack.
PTOANNNG!
The merfolk hits you from afar with a +0 glaive.
You block the faun's attack.
BOUMMMMG!
You block the merfolk's attack.
BOUMMMMG!
The merfolk hits you with a +0 halberd.
The alligator snapping turtle bites you!!
The faun shoots a sling bullet.
The sling bullet hits you but does no damage.
You block the merfolk's attack.
GONNNNG!
The merfolk hits you from afar with a +0 trident.
You die...

#.~~####...>.....~..
*
#.~~..#......<.....~
,
#.~~...)...##%.....~
,
##........###..##..~
#............%.# ..
* *
##.~~............
##~~....###.....< ,
~ * ###.~~~~~ ~
##...~##..## ~~~~ ~
~~ ,..~~. ... ~


You could see an alligator snapping turtle, 5 merfolk and 3 fauns.

Vanquished Creatures
  Jorgrun (Spider:3)
  Rupert (Lair:3)
  Kirke (Lair:4)
  A ghost moth (Spider:1)
  A broodmother (Spider:2)
  A spark wasp (Spider:2)
  3 entropy weavers
  A great orb of eyes (D:15)
  2 merfolk impalers
  5 hydras
  Harold (D:9)
  5 boulder beetles
  A radroach (Spider:1)
  Erolcha (D:9)
  A jorogumo (Spider:2)
  A merfolk avatar (Shoals:1)
  5 centaur warriors
  2 two-headed ogres
  A merfolk aquamancer (Shoals:1)
  6 death yaks (Lair:5)
  3 catoblepae (Lair:5)
  A tengu warrior (Shoals:2)
  4 orc high priests
  Sonja (Lair:1)
  6 sea snakes
  4 pharaoh ants
  A sea snake (shapeshifter) (D:13)
  2 steelbarb worms
  8 wolf spider zombies (Spider:3)
  An orb spider (Spider:1)
  3 harpies (Shoals:2)
  7 orc knights
  9 wolf spiders
  A necromancer (Spider:3)
  12 ugly things
  An oklob plant (Lair:1)
  An orc sorcerer (Orc:2)
  10 manticores
  2 slime creatures (D:15)
  5 cyclopes
  2 moths of wrath (Spider:1)
  5 elephants (Lair:3)
  8 black mambas
  4 molten gargoyles (D:11)
  2 merfolk sirens
  2 guardian serpents (D:15)
  A gargoyle (D:12)
  7 cane toads
  2 torpor snails (Spider:1)
  2 unseen horrors (D:12)
  Maggie (D:10)
  A kobold demonologist (D:7)
  2 demonic crawlers (Spider:1)
  A tengu conjurer (Shoals:2)
  5 rime drakes
  An efreet (D:14)
  6 redback zombies (Spider:3)
  13 komodo dragons
  7 polar bears
  A wolf spider simulacrum (D:12)
  2 hornets
  A merfolk (Shoals:1)
  5 trolls
  3 wind drakes
  19 blink frogs
  3 snapping turtles
  7 tarantellas
  Prince Ribbit (D:7)
  5 culicivora zombies (Spider:3)
  21 dream sheep
  6 tarantella zombies (Spider:3)
  19 jumping spiders
  A shadow (D:10)
  A vampire (D:13)
  5 centaur simulacra (D:12)
  3 wyverns
  52 yaks
  16 culicivoras
  2 wraiths
  4 basilisks
  5 water elementals
  30 redbacks
  3 wargs
  5 vampire mosquitoes (D:14)
  2 steam dragons (D:6)
  An acid dragon (shapeshifter) (D:15)
  An acid dragon (D:9)
  13 water moccasins
  A meliai simulacrum (D:12)
  2 sky beasts
  3 ice beasts
  A black bear (Lair:1)
  3 ogres
  36 orc warriors
  23 wolves
  13 centaurs
  7 bullfrogs
  3 kobold brigands
  A gnoll sergeant (D:8)
  A scorpion (D:6)
  15 wights
  6 killer bees
  2 howler monkeys
  A lava snake (D:11)
  29 orc priests
  2 gnoll boudas
  4 hounds
  5 iguanas
  26 orc wizards
  3 adders
  18 gnolls
  2 shadow imps (D:7)
  5 white imps (D:12)
  3 ufetubi (D:12)
  A worm (D:2)
  2 dart slugs
  87 orcs
  6 ball pythons
  10 endoplasms
  3 giant cockroaches
  8 goblins
  5 hobgoblins
  4 jackals (D:2)
  4 quokkas
  A bat (D:1)
  2 frilled lizards
  17 kobolds
  A rat (shapeshifter) (D:15)
  4 rats
802 creatures vanquished.

Vanquished Creatures (collateral kills)
  A hydra (D:15)
  A centaur warrior (D:15)
  3 orc high priests (Orc:2)
  2 orb spiders (Spider:1)
  2 orc knights (Orc:2)
  A wolf spider (Spider:1)
  2 fauns (Shoals:1)
  2 manticores
  A black mamba (Lair:3)
  A wind drake (Shoals:1)
  3 dream sheep (Lair:5)
  3 snapping turtles (Shoals:1)
  A centaur simulacrum (D:12)
  A culicivora (Spider:1)
  A redback (Spider:1)
  3 orc warriors (Orc:2)
  3 orc priests (Orc:2)
  3 orcs (Orc:2)
34 creatures vanquished.

Vanquished Creatures (others)
  A rime drake (Lair:4)
  A human (Lair:4)
  25 fungi
  68 plants
  2 withered plants (D:15)
97 creatures vanquished.

Grand Total: 933 creatures vanquished

Notes
Turn   | Place    | Note
-------+----------+-------------------------------------------
     0 | D:1      | qw the Minotaur Berserker began the quest for the Orb.
     0 | D:1      | Reached XP level 1. HP: 19/19 MP: 0/0
     0 | D:1      | 0 ||| qw: Version: 0.1-a-119-g272c26d
     0 | D:1      | 0 ||| qw: Game counter: 11283
     0 | D:1      | 0 ||| qw: Always use a shield: true
     0 | D:1      | 0 ||| qw: Do Orc after D:15 true
     0 | D:1      | 0 ||| qw: Do second Lair branch before Depths: true
     0 | D:1      | 0 ||| qw: Lair rune preference: random
     0 | D:1      | 0 ||| qw: Plans: Normal
     0 | D:1      | 0 ||| PLANNING D:1-11
   330 | D:1      | Reached XP level 2. HP: 23/26 MP: 1/1
   523 | D:1      | Found a faded altar of an unknown god.
  1032 | D:1      | Found Donui's Armour Emporium.
  1039 | D:1      | 1039 ||| BUYING +0 kite shield (54 gold).
  1039 | D:1      | Bought a +0 kite shield for 54 gold pieces
  1039 | D:1      | 1039 ||| SHOPLISTING +0 plate armour of fire resistance
                  | (360 gold, have 3).
  1039 | D:1      | 1039 ||| UPGRADING to +0 ring mail.
  1049 | D:1      | 1049 ||| DROPPING +0 animal skin.
  1050 | D:1      | 1050 ||| UPGRADING to +0 chain mail.
  1060 | D:1      | 1060 ||| DROPPING +0 ring mail.
  1061 | D:1      | 1061 ||| UPGRADING to +0 buckler.
  1066 | D:1      | 1066 ||| UPGRADING to +0 kite shield.
  1076 | D:1      | 1076 ||| DROPPING +0 buckler.
  1077 | D:1      | 1077 ||| UPGRADING to +4 ring of protection.
  1078 | D:1      | 1078 ||| READING scroll labelled TON TANEXZO.
  1079 | D:1      | 1079 ||| READING scroll labelled VUAM BURCHOS.
  1083 | D:1      | 1083 ||| READING scroll labelled DEJ ROFYVIRU.
  1185 | D:2      | 1185 ||| Stepping ~*~*~tactically~*~*~ (stealth).
  1205 | D:2      | Reached skill level 1 in Shields
  1291 | D:2      | 1291 ||| INVOKING Berserk.
  1294 | D:2      | Reached XP level 3. HP: 31/31 MP: 2/2
  1535 | D:2      | Reached ** piety under Trog
  1720 | D:2      | 1720 ||| Stepping ~*~*~tactically~*~*~ (stealth).
  2007 | D:2      | 2007 ||| UPGRADING to ring of protection from cold.
  2008 | D:2      | 2008 ||| DRINKING 2 grey potions.
  2008 | D:2      | Gained mutation: You passively map a small area around you.
                  | [potion of mutation]
  2008 | D:2      | Gained mutation: Your natural rate of healing is unusually
                  | fast. [potion of mutation]
  2008 | D:2      | Gained mutation: You have hidden genetic potential. [potion
                  | of mutation]
  2018 | D:3      | 2018 ||| STAIRDANCE
  2027 | D:3      | 2027 ||| STAIRDANCE
  2035 | D:3      | 2035 ||| INVOKING Berserk.
  2039 | D:3      | Reached skill level 3 in Shields
  2039 | D:3      | Reached XP level 4. HP: 39/39 MP: 3/3
  2235 | D:3      | Found a shadowy altar of Dithmenos.
  2253 | D:3      | Gained mutation: Your mind is acute. (Int +4, Str/Dex -1)
                  | [hidden potential]
  2257 | D:3      | 2257 ||| DROPPING +0 mace.
  2424 | D:3      | Found a stormy altar of Qazlal.
  2606 | D:3      | 2606 ||| READING scroll labelled HIUSHUAMUX.
  2707 | D:3      | 2707 ||| READING scroll labelled QEKHOCR QUSOKEW.
  2708 | D:3      | 2708 ||| READING 2 scrolls labelled KUQUQE FECIEMP.
  2709 | D:3      | 2709 ||| DRINKING 2 gluggy blue potions.
  2710 | D:3      | 2710 ||| DROPPING potion of magic.
  2725 | D:4      | 2725 ||| Stepping ~*~*~tactically~*~*~ (stealth).
  2727 | D:4      | 2727 ||| INVOKING Berserk.
  2740 | D:4      | 2740 ||| Stepping ~*~*~tactically~*~*~ (stealth).
  2741 | D:4      | 2741 ||| Stepping ~*~*~tactically~*~*~ (stealth).
  2743 | D:4      | 2743 ||| Stepping ~*~*~tactically~*~*~ (stealth).
  2744 | D:4      | 2744 ||| Stepping ~*~*~tactically~*~*~ (stealth).
  2789 | D:4      | 2789 ||| INVOKING Berserk.
  2827 | D:4      | 2827 ||| FLEEEEING.
  2832 | D:4      | 2832 ||| STAIRDANCE
  2936 | D:4      | 2936 ||| Stepping ~*~*~tactically~*~*~ (stealth).
  2939 | D:4      | 2939 ||| Stepping ~*~*~tactically~*~*~ (hiding).
  2940 | D:4      | 2940 ||| Stepping ~*~*~tactically~*~*~ (hiding).
  2941 | D:4      | 2941 ||| Stepping ~*~*~tactically~*~*~ (hiding).
  2943 | D:4      | 2943 ||| INVOKING Berserk.
  2949 | D:4      | Reached XP level 5. HP: 45/45 MP: 4/4
  2957 | D:4      | Gained mutation: Your muscles are strong. (Str +4, Int/Dex
                  | -1) [hidden potential]
  2957 | D:4      | Lost mutation: You have hidden genetic potential. [hidden
                  | potential expressed]
  3081 | D:4      | Noticed an ogre
  3082 | D:4      | 3082 ||| Stepping ~*~*~tactically~*~*~ (stealth).
  3087 | D:4      | 3087 ||| Stepping ~*~*~tactically~*~*~ (stealth).
  3096 | D:4      | 3096 ||| INVOKING Berserk.
  3099 | D:4      | Killed an ogre
  3100 | D:4      | Reached skill level 6 in Axes
  3340 | D:4      | 3340 ||| INVOKING Berserk.
  3349 | D:4      | Reached XP level 6. HP: 51/51 MP: 5/5
  3692 | D:4      | 3692 ||| UPGRADING to amulet of regeneration.
  3697 | D:4      | 3697 ||| READING scroll labelled SOARRA ACOUN.
  3698 | D:4      | 3698 ||| READING scroll labelled BOHISS JAJATSU.
  3699 | D:4      | 3699 ||| READING scroll labelled AZINIG DAEX.
  3700 | D:4      | 3700 ||| DRINKING 2 fizzy blue potions.
  3701 | D:4      | 3701 ||| DRINKING 2 amethyst potions.
  3702 | D:4      | 3702 ||| READING 2 scrolls of identify.
  3702 | D:4      | 3702 ||| IDENTIFYING coppery potion
  3703 | D:4      | 3703 ||| DROPPING potion of degeneration.
  3719 | D:5      | Entered Level 5 of the Dungeon
  3815 | D:5      | Noticed an ice beast
  3826 | D:5      | Killed an ice beast
  3826 | D:5      | Reached *** piety under Trog
  3923 | D:5      | Reached skill level 4 in Fighting
  4158 | D:5      | Identified the +1 cloak of the Learner {rC+ Slay+3 Stlth+}
  4217 | D:5      | 4217 ||| Stepping ~*~*~tactically~*~*~ (stealth).
  4218 | D:5      | 4218 ||| Stepping ~*~*~tactically~*~*~ (stealth).
  4225 | D:5      | Reached XP level 7. HP: 59/59 MP: 6/6
  4492 | D:5      | 4492 ||| UPGRADING to +1 cloak of the Learner {rC+ Slay+3
                  | Stlth+}.
  4548 | D:6      | Noticed a steam dragon
  4550 | D:6      | 4550 ||| Stepping ~*~*~tactically~*~*~ (hiding).
  4552 | D:6      | 4552 ||| INVOKING Berserk.
  4558 | D:6      | Killed a steam dragon
  4559 | D:6      | Reached skill level 6 in Shields
  4745 | D:6      | Noticed a steam dragon
  4747 | D:6      | 4747 ||| Stepping ~*~*~tactically~*~*~ (cloud).
  4750 | D:6      | 4750 ||| INVOKING Berserk.
  4754 | D:6      | Killed a steam dragon
  4755 | D:6      | Reached skill level 9 in Axes
  4920 | D:6      | 4920 ||| INVOKING Berserk.
  4923 | D:6      | Reached skill level 3 in Armour
  4925 | D:6      | Reached XP level 8. HP: 66/66 MP: 7/7
  5184 | D:6      | Reached skill level 5 in Fighting
  5228 | D:6      | 5228 ||| Stepping ~*~*~tactically~*~*~ (stealth).
  5230 | D:6      | 5230 ||| Stepping ~*~*~tactically~*~*~ (hiding).
  5238 | D:6      | 5238 ||| INVOKING Berserk.
  5254 | D:6      | 5254 ||| Stepping ~*~*~tactically~*~*~ (stealth).
  5387 | D:6      | 5387 ||| INVOKING Berserk.
  5695 | D:6      | 5695 ||| DROPPING scarf of invisibility.
  5696 | D:6      | 5696 ||| DROPPING amulet of magic regeneration.
  5697 | D:6      | 5697 ||| READING scroll labelled POOJOT EFFA.
  5698 | D:6      | 5698 ||| DRINKING 2 inky potions.
  5776 | D:7      | 5776 ||| INVOKING Berserk.
  5779 | D:7      | Reached skill level 1 in Throwing
  5796 | D:7      | 5796 ||| Stepping ~*~*~tactically~*~*~ (stealth).
  6067 | D:7      | Noticed a kobold demonologist
  6069 | D:7      | Noticed a sixfirhy
  6082 | D:7      | Noticed a rust devil
  6086 | D:7      | 6086 ||| INVOKING Berserk.
  6096 | D:7      | Killed a kobold demonologist
  6097 | D:7      | Reached skill level 6 in Fighting
  6242 | D:7      | Noticed Prince Ribbit
  6243 | D:7      | 6243 ||| INVOKING Berserk.
  6251 | D:7      | Killed Prince Ribbit
  6252 | D:7      | Reached XP level 9. HP: 75/78 MP: 8/8
  6405 | D:7      | Found a staircase to the Ecumenical Temple.
  6406 | D:7      | 6406 ||| UPGRADING to ring of poison resistance.
  6408 | D:7      | 6408 ||| UPGRADING to +4 ring of protection.
  6410 | D:7      | 6410 ||| Stepping ~*~*~tactically~*~*~ (hiding).
  6547 | D:7      | Found a shimmering blue altar of Sif Muna.
  6564 | D:7      | Found a glowing golden altar of the Shining One.
  6566 | D:7      | Found a basalt altar of Yredelemnul.
  6569 | D:7      | Found an ancient bone altar of Kikubaaqudgha.
  6569 | D:7      | Found a hazy altar of Hepliaklqana.
  6570 | D:7      | Found an opulent altar of Gozag.
  6571 | D:7      | Found a broken altar of Ashenzari.
  7044 | D:7      | 7044 ||| READING scroll labelled IHED UDEIPH.
  7045 | D:7      | 7045 ||| DRINKING 2 metallic emerald potions.
  7059 | D:8      | 7059 ||| STAIRDANCE
  7068 | D:7      | 7068 ||| SWAPPING to +3 war axe.
  7069 | D:7      | 7069 ||| DROPPING +0 hand axe of draining.
  7077 | D:8      | 7077 ||| STAIRDANCE
  7089 | D:8      | 7089 ||| SWAPPING to +4 war axe of freezing.
  7090 | D:8      | 7090 ||| DROPPING +3 war axe.
  7147 | D:8      | 7147 ||| Stepping ~*~*~tactically~*~*~ (stealth).
  7150 | D:8      | 7150 ||| Stepping ~*~*~tactically~*~*~ (stealth).
  7342 | D:8      | 7342 ||| Stepping ~*~*~tactically~*~*~ (hiding).
  7346 | D:8      | 7346 ||| INVOKING Berserk.
  7516 | D:8      | 7516 ||| Stepping ~*~*~tactically~*~*~ (hiding).
  7533 | D:8      | Reached **** piety under Trog
  7544 | D:8      | Found a sacrificial altar of Ru.
  7669 | D:8      | Reached skill level 12 in Axes
  7677 | D:8      | Reached skill level 7 in Fighting
  7712 | D:8      | 7712 ||| Stepping ~*~*~tactically~*~*~ (hiding).
  7718 | D:8      | 7718 ||| INVOKING Berserk.
  7720 | D:8      | Reached skill level 9 in Shields
  7959 | D:8      | 7959 ||| DROPPING +6 ring of intelligence.
  7960 | D:8      | 7960 ||| READING 2 scrolls labelled WUFOOCV RODDA.
  7961 | D:8      | 7961 ||| READING scroll of enchant weapon.
  7961 | D:8      | 7961 ||| ENCHANTING +5 war axe of freezing.
  8082 | D:9      | Noticed Harold
  8083 | D:9      | 8083 ||| Stepping ~*~*~tactically~*~*~ (hiding).
  8084 | D:9      | 8084 ||| Stepping ~*~*~tactically~*~*~ (hiding).
  8085 | D:9      | 8085 ||| Stepping ~*~*~tactically~*~*~ (hiding).
  8086 | D:9      | 8086 ||| Stepping ~*~*~tactically~*~*~ (hiding).
  8103 | D:9      | Killed Harold
  8104 | D:9      | Reached XP level 10. HP: 44/86 MP: 9/9
  8402 | D:9      | 8402 ||| Stepping ~*~*~tactically~*~*~ (hiding).
  8404 | D:9      | 8404 ||| Stepping ~*~*~tactically~*~*~ (hiding).
  8495 | D:9      | 8495 ||| Stepping ~*~*~tactically~*~*~ (hiding).
  8496 | D:9      | 8496 ||| Stepping ~*~*~tactically~*~*~ (hiding).
  8498 | D:9      | 8498 ||| Stepping ~*~*~tactically~*~*~ (hiding).
  8499 | D:9      | 8499 ||| Stepping ~*~*~tactically~*~*~ (hiding).
  8629 | D:9      | Noticed Erolcha
  8630 | D:9      | 8630 ||| Stepping ~*~*~tactically~*~*~ (hiding).
  8633 | D:9      | 8633 ||| INVOKING Trog's Hand.
  8634 | D:9      | 8634 ||| INVOKING Berserk.
  8640 | D:9      | Killed Erolcha
  8641 | D:9      | Reached skill level 8 in Fighting
  8974 | D:9      | 8974 ||| READING 2 scrolls of identify.
  8974 | D:9      | 8974 ||| IDENTIFYING ruby potion
  8975 | D:9      | 8975 ||| DROPPING potion of flight.
  9048 | D:10     | Entered Level 10 of the Dungeon
  9052 | D:10     | Found a staircase to the Lair.
  9102 | D:10     | 9102 ||| INVOKING Berserk.
  9233 | D:10     | Noticed Mothringer's ghost (journeyman GnSk)
  9235 | D:10     | Noticed a moth of wrath
  9278 | D:10     | 9278 ||| Stepping ~*~*~tactically~*~*~ (hiding).
  9279 | D:10     | 9279 ||| Stepping ~*~*~tactically~*~*~ (hiding).
  9281 | D:10     | 9281 ||| Stepping ~*~*~tactically~*~*~ (hiding).
  9286 | D:10     | 9286 ||| INVOKING Berserk.
  9444 | D:10     | 9444 ||| Stepping ~*~*~tactically~*~*~ (stealth).
  9446 | D:10     | 9446 ||| Stepping ~*~*~tactically~*~*~ (hiding).
  9447 | D:10     | 9447 ||| Stepping ~*~*~tactically~*~*~ (hiding).
  9599 | D:10     | Noticed Maggie
  9610 | D:10     | Killed Maggie
  9656 | D:10     | 9656 ||| INVOKING Berserk.
  9814 | D:10     | Noticed a +0 short sword
  9814 | D:10     | Noticed a +0 dagger
  9814 | D:10     | Noticed a +0 falchion
  9815 | D:10     | Noticed a +0 spear
  9815 | D:10     | Noticed a +0 spear
  9816 | D:10     | Noticed a +0 falchion
  9816 | D:10     | Noticed a +0 dagger
  9817 | D:10     | Noticed a +0 short sword
  9850 | D:10     | 9850 ||| Stepping ~*~*~tactically~*~*~ (hiding).
  9851 | D:10     | 9851 ||| Stepping ~*~*~tactically~*~*~ (hiding).
  9865 | D:10     | 9865 ||| Stepping ~*~*~tactically~*~*~ (stealth).
  9876 | D:10     | Found a hide-covered altar of Uskayaw.
  9967 | D:10     | Found a transporter.
  9974 | D:10     | Noticed an ice dragon
  9988 | D:10     | Found a transporter.
 10091 | D:10     | 10091 ||| READING scroll of enchant weapon.
 10091 | D:10     | 10091 ||| ENCHANTING +6 war axe of freezing.
 10183 | D:10     | Noticed a two-headed ogre
 10185 | D:10     | 10185 ||| INVOKING Berserk.
 10187 | D:10     | Killed a two-headed ogre
 10423 | D:10     | 10423 ||| PLANNING LAIR
 10423 | D:10     | 10423 ||| UPGRADING to +0 plate armour.
 10433 | D:10     | 10433 ||| DROPPING +0 chain mail.
 10434 | D:10     | 10434 ||| DROPPING amulet of the acrobat.
 10435 | D:10     | 10435 ||| READING scroll labelled LOREGECIUPP.
 10492 | Lair:1   | Entered Level 1 of the Lair of Beasts
 10492 | Lair:1   | Noticed Sonja
 10495 | Lair:1   | 10495 ||| INVOKING Berserk.
 10498 | Lair:1   | Killed Sonja
 10499 | Lair:1   | Reached skill level 6 in Armour
 10499 | Lair:1   | Reached XP level 11. HP: 93/95 MP: 10/10
 10630 | Lair:1   | 10630 ||| Stepping ~*~*~tactically~*~*~ (stealth).
 10631 | Lair:1   | 10631 ||| Stepping ~*~*~tactically~*~*~ (stealth).
 10634 | Lair:1   | 10634 ||| INVOKING Berserk.
 10803 | Lair:1   | 10803 ||| INVOKING Berserk.
 10947 | Lair:1   | 10947 ||| Stepping ~*~*~tactically~*~*~ (stealth).
 10953 | Lair:1   | 10953 ||| INVOKING Berserk.
 10956 | Lair:1   | Reached skill level 15 in Axes
 10959 | Lair:1   | Reached skill level 9 in Fighting
 10970 | Lair:1   | 10970 ||| Stepping ~*~*~tactically~*~*~ (stealth).
 10978 | Lair:1   | 10978 ||| Stepping ~*~*~tactically~*~*~ (stealth).
 11085 | Lair:1   | 11085 ||| Stepping ~*~*~tactically~*~*~ (hiding).
 11133 | Lair:1   | 11133 ||| Stepping ~*~*~tactically~*~*~ (stealth).
 11136 | Lair:1   | 11136 ||| Stepping ~*~*~tactically~*~*~ (hiding).
 11267 | Lair:1   | 11267 ||| Stepping ~*~*~tactically~*~*~ (stealth).
 11308 | Lair:1   | Noticed an oklob plant
 11314 | Lair:1   | 11314 ||| INVOKING Berserk.
 11317 | Lair:1   | Killed an oklob plant
 11516 | Lair:1   | 11516 ||| INVOKING Berserk.
 11735 | Lair:1   | 11735 ||| INVOKING Berserk.
 11806 | Lair:1   | 11806 ||| INVOKING Berserk.
 12059 | Lair:1   | Identified the +4 mace of Wairie Puts {antimagic, rC- Will+
                  | Dex+2}
 12083 | Lair:1   | 12083 ||| INVOKING Berserk.
 12089 | Lair:1   | Reached skill level 10 in Fighting
 12553 | Lair:1   | 12553 ||| DRINKING 2 fizzy brown potions.
 12658 | Lair:1   | 12658 ||| DROPPING potion of berserk rage.
 12682 | Lair:2   | 12682 ||| Stepping ~*~*~tactically~*~*~ (stealth).
 12684 | Lair:2   | 12684 ||| Stepping ~*~*~tactically~*~*~ (stealth).
 12687 | Lair:2   | 12687 ||| Stepping ~*~*~tactically~*~*~ (stealth).
 12689 | Lair:2   | 12689 ||| Stepping ~*~*~tactically~*~*~ (stealth).
 12700 | Lair:2   | Reached skill level 9 in Armour
 12727 | Lair:2   | 12727 ||| INVOKING Berserk.
 12736 | Lair:2   | 12736 ||| Stepping ~*~*~tactically~*~*~ (stealth).
 12743 | Lair:2   | Reached skill level 3 in Dodging
 12794 | Lair:2   | 12794 ||| Stepping ~*~*~tactically~*~*~ (stealth).
 12796 | Lair:2   | 12796 ||| Stepping ~*~*~tactically~*~*~ (stealth).
 12797 | Lair:2   | 12797 ||| INVOKING Berserk.
 12799 | Lair:2   | Reached XP level 12. HP: 106/106 MP: 11/11
 12884 | Lair:2   | 12884 ||| INVOKING Berserk.
 13071 | Lair:2   | Reached skill level 11 in Fighting
 13109 | Lair:2   | 13109 ||| Stepping ~*~*~tactically~*~*~ (stealth).
 13110 | Lair:2   | 13110 ||| Stepping ~*~*~tactically~*~*~ (stealth).
 13112 | Lair:2   | 13112 ||| INVOKING Berserk.
 13169 | Lair:2   | Reached skill level 12 in Shields
 13206 | Lair:2   | 13206 ||| Stepping ~*~*~tactically~*~*~ (stealth).
 13385 | Lair:2   | 13385 ||| Stepping ~*~*~tactically~*~*~ (stealth).
 13389 | Lair:2   | 13389 ||| Stepping ~*~*~tactically~*~*~ (stealth).
 13508 | Lair:2   | Found a hole to the Spider Nest.
 13523 | Lair:2   | 13523 ||| INVOKING Berserk.
 13637 | Lair:2   | 13637 ||| Stepping ~*~*~tactically~*~*~ (stealth).
 13641 | Lair:2   | 13641 ||| Stepping ~*~*~tactically~*~*~ (stealth).
 13650 | Lair:2   | 13650 ||| Stepping ~*~*~tactically~*~*~ (stealth).
 13651 | Lair:2   | 13651 ||| Stepping ~*~*~tactically~*~*~ (stealth).
 13654 | Lair:2   | 13654 ||| Stepping ~*~*~tactically~*~*~ (stealth).
 13656 | Lair:2   | 13656 ||| Stepping ~*~*~tactically~*~*~ (stealth).
 13946 | Lair:2   | 13946 ||| DROPPING ring of resist corrosion.
 13947 | Lair:2   | 13947 ||| DRINKING 2 smoky sapphire potions.
 13948 | Lair:2   | 13948 ||| READING 2 scrolls of identify.
 13948 | Lair:2   | 13948 ||| IDENTIFYING murky pink potion
 13949 | Lair:2   | 13949 ||| DROPPING potion of attraction.
 13990 | Lair:3   | 13990 ||| STAIRDANCE
 14013 | Lair:3   | Reached skill level 12 in Fighting
 14030 | Lair:3   | 14030 ||| Stepping ~*~*~tactically~*~*~ (stealth).
 14031 | Lair:3   | 14031 ||| Stepping ~*~*~tactically~*~*~ (stealth).
 14147 | Lair:3   | Noticed Rupert
 14148 | Lair:3   | 14148 ||| Stepping ~*~*~tactically~*~*~ (stealth).
 14150 | Lair:3   | 14150 ||| INVOKING Trog's Hand.
 14154 | Lair:3   | 14154 ||| INVOKING Berserk.
 14158 | Lair:3   | Killed Rupert
 14167 | Lair:3   | Reached skill level 13 in Fighting
 14293 | Lair:3   | 14293 ||| Stepping ~*~*~tactically~*~*~ (hiding).
 14303 | Lair:3   | Noticed an eight-headed hydra
 14304 | Lair:3   | 14304 ||| Stepping ~*~*~tactically~*~*~ (stealth).
 14311 | Lair:3   | 14311 ||| INVOKING Brothers in Arms.
 14313 | Lair:3   | 14313 ||| SWAPPING to +0 flail.
 14314 | Lair:3   | 14314 ||| INVOKING Berserk.
 14319 | Lair:3   | Killed an eight-headed hydra
 14321 | Lair:3   | Reached XP level 13. HP: 113/122 MP: 12/12
 14344 | Lair:3   | 14344 ||| SWAPPING to +7 war axe of freezing.
 14394 | Lair:3   | 14394 ||| Stepping ~*~*~tactically~*~*~ (stealth).
 14395 | Lair:3   | 14395 ||| Stepping ~*~*~tactically~*~*~ (stealth).
 14396 | Lair:3   | 14396 ||| Stepping ~*~*~tactically~*~*~ (stealth).
 14523 | Lair:3   | 14523 ||| INVOKING Berserk.
 15049 | Lair:3   | Found a staircase to the Shoals.
 15058 | Lair:3   | Reached skill level 3 in Throwing
 15066 | Lair:3   | 15066 ||| DROPPING scarf of repulsion.
 15067 | Lair:3   | 15067 ||| READING scroll labelled ZENIGH GOERU.
 15131 | Lair:4   | Noticed Kirke
 15132 | Lair:4   | 15132 ||| Stepping ~*~*~tactically~*~*~ (stealth).
 15134 | Lair:4   | 15134 ||| Stepping ~*~*~tactically~*~*~ (stealth).
 15136 | Lair:4   | 15136 ||| Stepping ~*~*~tactically~*~*~ (stealth).
 15137 | Lair:4   | 15137 ||| Stepping ~*~*~tactically~*~*~ (stealth).
 15138 | Lair:4   | 15138 ||| INVOKING Trog's Hand.
 15139 | Lair:4   | 15139 ||| INVOKING Berserk.
 15143 | Lair:4   | Killed Kirke
 15316 | Lair:4   | 15316 ||| Stepping ~*~*~tactically~*~*~ (stealth).
 15443 | Lair:4   | 15443 ||| INVOKING Berserk.
 15558 | Lair:4   | Identified the +1 robe of Wrong Decisions {Dex+3}
 15682 | Lair:4   | 15682 ||| READING scroll of enchant weapon.
 15682 | Lair:4   | 15682 ||| ENCHANTING +7 war axe of freezing.
 15974 | Lair:4   | Identified the +1 plate armour of Duotyune {-Tele rPois
                  | Will- Stlth+}
 16328 | Lair:4   | 16328 ||| READING scroll labelled LUTTARCH UGUDOM.
 16337 | Lair:5   | Entered Level 5 of the Lair of Beasts
 16338 | Lair:5   | 16338 ||| STAIRDANCE
 16343 | Lair:5   | 16343 ||| STAIRDANCE
 16344 | Lair:5   | 16344 ||| STAIRDANCE
 16346 | Lair:4   | 16346 ||| INVOKING Berserk.
 16459 | Lair:5   | 16459 ||| STAIRDANCE
 16473 | Lair:5   | 16473 ||| STAIRDANCE
 16475 | Lair:5   | 16475 ||| STAIRDANCE
 16487 | Lair:4   | Reached skill level 14 in Fighting
 16530 | Lair:5   | 16530 ||| Stepping ~*~*~tactically~*~*~ (hiding).
 16556 | Lair:5   | Found a burning altar of Makhleb.
 16576 | Lair:5   | 16576 ||| FLEEEEING.
 16587 | Lair:5   | 16587 ||| FLEEEEING.
 16588 | Lair:5   | 16588 ||| FLEEEEING.
 16617 | Lair:5   | 16617 ||| INVOKING Berserk.
 16764 | Lair:5   | 16764 ||| INVOKING Berserk.
 16914 | Lair:5   | Reached skill level 12 in Armour
 16923 | Lair:5   | 16923 ||| INVOKING Berserk.
 16985 | Lair:5   | 16985 ||| INVOKING Berserk.
 17112 | Lair:5   | 17112 ||| INVOKING Berserk.
 17182 | Lair:5   | 17182 ||| INVOKING Brothers in Arms.
 17185 | Lair:5   | 17185 ||| SWAPPING to +0 flail.
 17186 | Lair:5   | 17186 ||| INVOKING Berserk.
 17194 | Lair:5   | 17194 ||| SWAPPING to +8 war axe of freezing.
 17305 | Lair:5   | 17305 ||| Stepping ~*~*~tactically~*~*~ (hiding).
 17308 | Lair:5   | 17308 ||| INVOKING Berserk.
 17426 | Lair:5   | 17426 ||| Stepping ~*~*~tactically~*~*~ (stealth).
 17428 | Lair:5   | 17428 ||| Stepping ~*~*~tactically~*~*~ (stealth).
 17430 | Lair:5   | 17430 ||| Stepping ~*~*~tactically~*~*~ (stealth).
 17432 | Lair:5   | 17432 ||| Stepping ~*~*~tactically~*~*~ (stealth).
 17433 | Lair:5   | 17433 ||| INVOKING Berserk.
 17436 | Lair:5   | Reached skill level 15 in Fighting
 17614 | Lair:5   | 17614 ||| Stepping ~*~*~tactically~*~*~ (hiding).
 17617 | Lair:5   | 17617 ||| INVOKING Berserk.
 17747 | Lair:5   | 17747 ||| Stepping ~*~*~tactically~*~*~ (stealth).
 17749 | Lair:5   | 17749 ||| Stepping ~*~*~tactically~*~*~ (hiding).
 17753 | Lair:5   | 17753 ||| INVOKING Berserk.
 17762 | Lair:5   | Reached XP level 14. HP: 104/135 MP: 13/13
 17919 | Lair:5   | 17919 ||| Stepping ~*~*~tactically~*~*~ (hiding).
 17961 | Lair:5   | Found the +18 shield of the Gong {rElec rN+ Will+ EV-5}
 18022 | Lair:5   | 18022 ||| INVOKING Berserk.
 18142 | Lair:5   | 18142 ||| INVOKING Brothers in Arms.
 18143 | Lair:5   | 18143 ||| INVOKING Brothers in Arms.
 18144 | Lair:5   | 18144 ||| INVOKING Brothers in Arms.
 18145 | Lair:5   | 18145 ||| SWAPPING to +0 flail.
 18146 | Lair:5   | 18146 ||| INVOKING Berserk.
 18152 | Lair:5   | Reached skill level 15 in Shields
 18160 | Lair:5   | 18160 ||| SWAPPING to +8 war axe of freezing.
 18391 | Lair:5   | Found a runed translucent door.
 18397 | Lair:5   | Found a viscous altar of Jiyva.
 18401 | Lair:5   | Found a staircase to the Slime Pits.
 18415 | Lair:5   | 18415 ||| Stepping ~*~*~tactically~*~*~ (stealth).
 18418 | Lair:5   | 18418 ||| Stepping ~*~*~tactically~*~*~ (stealth).
 18497 | Lair:5   | 18497 ||| Stepping ~*~*~tactically~*~*~ (hiding).
 18499 | Lair:5   | 18499 ||| Stepping ~*~*~tactically~*~*~ (hiding).
 18501 | Lair:5   | 18501 ||| Stepping ~*~*~tactically~*~*~ (hiding).
 18571 | Lair:5   | 18571 ||| Stepping ~*~*~tactically~*~*~ (stealth).
 18573 | Lair:5   | 18573 ||| Stepping ~*~*~tactically~*~*~ (hiding).
 18575 | Lair:5   | 18575 ||| Stepping ~*~*~tactically~*~*~ (hiding).
 18846 | Lair:5   | 18846 ||| PLANNING D:1-11
 18846 | Lair:5   | 18846 ||| UPGRADING to +18 shield of the Gong {rElec rN+
                  | Will+ EV-5}.
 18856 | Lair:5   | 18856 ||| DROPPING +0 kite shield.
 18857 | Lair:5   | 18857 ||| DROPPING ring of protection from cold.
 18858 | Lair:5   | 18858 ||| DROPPING +6 ring of dexterity.
 18859 | Lair:5   | 18859 ||| DROPPING +6 ring of strength.
 18860 | Lair:5   | 18860 ||| DRINKING 2 cyan potions.
 18861 | Lair:5   | 18861 ||| READING 2 scrolls of identify.
 18861 | Lair:5   | 18861 ||| IDENTIFYING purple potion
 18862 | Lair:5   | 18862 ||| DROPPING potion of lignification.
 18863 | Lair:5   | 18863 ||| DROPPING potion of brilliance.
 19016 | D:11     | 19016 ||| STAIRDANCE
 19024 | D:11     | 19024 ||| STAIRDANCE
 19173 | D:11     | 19173 ||| Stepping ~*~*~tactically~*~*~ (hiding).
 19353 | D:11     | 19353 ||| Stepping ~*~*~tactically~*~*~ (hiding).
 19354 | D:11     | 19354 ||| Stepping ~*~*~tactically~*~*~ (hiding).
 19404 | D:11     | 19404 ||| Stepping ~*~*~tactically~*~*~ (hiding).
 19407 | D:11     | 19407 ||| Stepping ~*~*~tactically~*~*~ (hiding).
 19413 | D:11     | Reached skill level 16 in Fighting
 19413 | D:11     | 19413 ||| Stepping ~*~*~tactically~*~*~ (hiding).
 19434 | D:11     | 19434 ||| Stepping ~*~*~tactically~*~*~ (stealth).
 19437 | D:11     | 19437 ||| Stepping ~*~*~tactically~*~*~ (stealth).
 19439 | D:11     | 19439 ||| Stepping ~*~*~tactically~*~*~ (hiding).
 19451 | D:11     | 19451 ||| FLEEEEING.
 19653 | D:11     | Found a staircase to the Orcish Mines.
 19666 | D:11     | 19666 ||| DROPPING +4 mace of Wairie Puts {antimagic, rC-
                  | Will+ Dex+2}.
 19667 | D:11     | 19667 ||| DROPPING +0 flail.
 19792 | D:11     | 19792 ||| Stepping ~*~*~tactically~*~*~ (stealth).
 19914 | D:11     | 19914 ||| PLANNING D
 19914 | D:11     | 19914 ||| READING scroll labelled JYUHOTUIL VEZU.
 19914 | D:11     | Identified a scroll of acquirement
 19914 | D:11     | 19914 ||| ACQUIRING +9 broad axe of the Apocalypse {drain,
                  | *Corrode rPois rC+ Int+4}
 19914 | D:11     | Acquired the +9 broad axe of the Apocalypse {drain,
                  | *Corrode rPois rC+ Int+4}
 19916 | D:11     | 19916 ||| SWAPPING to +9 broad axe of the Apocalypse
                  | {drain, *Corrode rPois rC+ Int+4}.
 19917 | D:11     | 19917 ||| REMOVING ring of poison resistance.
 19918 | D:11     | 19918 ||| DROPPING +8 war axe of freezing.
 19919 | D:11     | 19919 ||| UPGRADING to ring of fire.
 19920 | D:11     | 19920 ||| UPGRADING to ring of protection from fire.
 19922 | D:11     | 19922 ||| UPGRADING to +4 ring of slaying {mikee}.
 19924 | D:11     | 19924 ||| READING 3 scrolls of identify.
 19924 | D:11     | 19924 ||| IDENTIFYING orange potion
 19966 | D:12     | 19966 ||| PLANNING GAUNTLET
 20046 | D:12     | 20046 ||| Stepping ~*~*~tactically~*~*~ (hiding).
 20078 | D:12     | 20078 ||| Stepping ~*~*~tactically~*~*~ (hiding).
 20097 | D:12     | 20097 ||| Stepping randomly (disturbance).
 20098 | D:12     | 20098 ||| Stepping randomly (disturbance).
 20160 | D:12     | Identified the ring of the Middle {rPois rN+ Will+}
 20191 | D:12     | 20191 ||| Stepping ~*~*~tactically~*~*~ (stealth).
 20201 | D:12     | 20201 ||| INVOKING Brothers in Arms.
 20202 | D:12     | 20202 ||| INVOKING Brothers in Arms.
 20203 | D:12     | 20203 ||| SWAPPING to +2 vampiric whip.
 20204 | D:12     | 20204 ||| INVOKING Berserk.
 20219 | D:12     | 20219 ||| SWAPPING to +9 broad axe of the Apocalypse
                  | {drain, *Corrode rPois rC+ Int+4}.
 20388 | D:12     | 20388 ||| RIP GAUNTLET
 20450 | D:12     | 20450 ||| PLANNING D
 20786 | D:12     | 20786 ||| DROPPING +1 cloak.
 20840 | D:13     | Found a gate to the Vaults.
 21157 | D:13     | 21157 ||| READING scroll of enchant armour.
 21157 | D:13     | 21157 ||| ENCHANTING +0 plate armour.
 21326 | D:13     | 21326 ||| Stepping ~*~*~tactically~*~*~ (stealth).
 21370 | D:13     | 21370 ||| Stepping ~*~*~tactically~*~*~ (hiding).
 21660 | D:13     | 21660 ||| DROPPING +0 chain mail of poison resistance.
 21697 | D:14     | 21697 ||| Stepping ~*~*~tactically~*~*~ (hiding).
 21698 | D:14     | 21698 ||| Stepping ~*~*~tactically~*~*~ (hiding).
 21701 | D:14     | 21701 ||| Stepping ~*~*~tactically~*~*~ (stealth).
 21718 | D:14     | Reached ***** piety under Trog
 21737 | D:14     | 21737 ||| INVOKING Brothers in Arms.
 21740 | D:14     | 21740 ||| INVOKING Berserk.
 21747 | D:14     | Reached skill level 18 in Axes
 21987 | D:14     | 21987 ||| Stepping ~*~*~tactically~*~*~ (hiding).
 22480 | D:14     | 22480 ||| READING 6 scrolls of identify.
 22480 | D:14     | 22480 ||| IDENTIFYING fuming cyan potion
 22481 | D:14     | 22481 ||| DROPPING potion of ambrosia.
 22507 | D:15     | Entered Level 15 of the Dungeon
 22542 | D:15     | 22542 ||| INVOKING Brothers in Arms.
 22546 | D:15     | 22546 ||| SWAPPING to +2 vampiric whip.
 22547 | D:15     | 22547 ||| INVOKING Berserk.
 22563 | D:15     | 22563 ||| SWAPPING to +9 broad axe of the Apocalypse
                  | {drain, *Corrode rPois rC+ Int+4}.
 22833 | D:15     | 22833 ||| Stepping ~*~*~tactically~*~*~ (hiding).
 22852 | D:15     | 22852 ||| INVOKING Berserk.
 22869 | D:15     | 22869 ||| INVOKING Brothers in Arms.
 22870 | D:15     | 22870 ||| INVOKING Brothers in Arms.
 22871 | D:15     | 22871 ||| SWAPPING to +2 vampiric whip.
 22874 | D:15     | 22874 ||| SWAPPING to +9 broad axe of the Apocalypse
                  | {drain, *Corrode rPois rC+ Int+4}.
 22999 | D:15     | Found a burning altar of Makhleb.
 23050 | D:15     | 23050 ||| INVOKING Trog's Hand.
 23056 | D:15     | 23056 ||| INVOKING Berserk.
 23067 | D:15     | Reached XP level 15. HP: 146/146 MP: 14/14
 23192 | D:15     | 23192 ||| Stepping ~*~*~tactically~*~*~ (stealth).
 23196 | D:15     | Found a staircase to the Depths.
 23230 | D:15     | 23230 ||| Stepping ~*~*~tactically~*~*~ (stealth).
 23468 | D:15     | Found a runed translucent door.
 23469 | D:15     | Noticed Qishud's ghost (adept GrEE)
 23820 | D:15     | 23820 ||| PLANNING ORC
 23940 | Orc:1    | Entered Level 1 of the Orcish Mines
 23956 | Orc:1    | 23956 ||| INVOKING Berserk.
 23975 | Orc:1    | Reached skill level 6 in Throwing
 24177 | Orc:1    | 24177 ||| Stepping ~*~*~tactically~*~*~ (hiding).
 24178 | Orc:1    | 24178 ||| Stepping ~*~*~tactically~*~*~ (hiding).
 24395 | Orc:2    | Entered Level 2 of the Orcish Mines
 24440 | Orc:2    | Noticed qw's ghost (journeyman MiBe)
 24443 | Orc:2    | Found a bloodstained altar of Trog.
 24448 | Orc:2    | Found a transporter.
 24477 | Orc:2    | Found a transporter.
 24500 | Orc:2    | 24500 ||| Stepping ~*~*~tactically~*~*~ (hiding).
 24510 | Orc:2    | 24510 ||| INVOKING Trog's Hand.
 24513 | Orc:2    | 24513 ||| INVOKING Berserk.
 24541 | Orc:2    | 24541 ||| Stepping ~*~*~tactically~*~*~ (hiding).
 24542 | Orc:2    | 24542 ||| Stepping ~*~*~tactically~*~*~ (hiding).
 24560 | Orc:2    | 24560 ||| Stepping ~*~*~tactically~*~*~ (stealth).
 24561 | Orc:2    | 24561 ||| FLEEEEING.
 24596 | Orc:2    | 24596 ||| Stepping ~*~*~tactically~*~*~ (stealth).
 24610 | Orc:2    | 24610 ||| DROPPING +2 vampiric whip.
 24619 | Orc:2    | 24619 ||| Stepping ~*~*~tactically~*~*~ (stealth).
 24620 | Orc:2    | 24620 ||| Stepping ~*~*~tactically~*~*~ (stealth).
 24655 | Orc:2    | Reached skill level 17 in Fighting
 24782 | Orc:2    | 24782 ||| Stepping ~*~*~tactically~*~*~ (hiding).
 24789 | Orc:2    | 24789 ||| INVOKING Berserk.
 24811 | Orc:2    | 24811 ||| Stepping ~*~*~tactically~*~*~ (hiding).
 24816 | Orc:2    | 24816 ||| Stepping ~*~*~tactically~*~*~ (hiding).
 24817 | Orc:2    | 24817 ||| Stepping ~*~*~tactically~*~*~ (hiding).
 24987 | Orc:2    | 24987 ||| Stepping ~*~*~tactically~*~*~ (stealth).
 24988 | Orc:2    | 24988 ||| Stepping ~*~*~tactically~*~*~ (stealth).
 25000 | Orc:2    | 25000 ||| Stepping ~*~*~tactically~*~*~ (hiding).
 25027 | Orc:2    | 25027 ||| Stepping ~*~*~tactically~*~*~ (stealth).
 25051 | Orc:2    | 25051 ||| Stepping ~*~*~tactically~*~*~ (stealth).
 25110 | Orc:2    | 25110 ||| Stepping ~*~*~tactically~*~*~ (hiding).
 25112 | Orc:2    | 25112 ||| Stepping ~*~*~tactically~*~*~ (hiding).
 25116 | Orc:2    | 25116 ||| INVOKING Berserk.
 25125 | Orc:2    | Found a staircase to the Elven Halls.
 25131 | Orc:2    | 25131 ||| Stepping ~*~*~tactically~*~*~ (hiding).
 25138 | Orc:2    | 25138 ||| Stepping ~*~*~tactically~*~*~ (hiding).
 25159 | Orc:2    | 25159 ||| Stepping ~*~*~tactically~*~*~ (stealth).
 25164 | Orc:2    | 25164 ||| INVOKING Brothers in Arms.
 25165 | Orc:2    | 25165 ||| INVOKING Berserk.
 25214 | Orc:2    | 25214 ||| FLEEEEING.
 25215 | Orc:2    | 25215 ||| FLEEEEING.
 25321 | Orc:2    | 25321 ||| Stepping ~*~*~tactically~*~*~ (stealth).
 25323 | Orc:2    | 25323 ||| Stepping ~*~*~tactically~*~*~ (stealth).
 25324 | Orc:2    | 25324 ||| Stepping ~*~*~tactically~*~*~ (stealth).
 25329 | Orc:2    | 25329 ||| INVOKING Berserk.
 25339 | Orc:2    | 25339 ||| Stepping ~*~*~tactically~*~*~ (hiding).
 25341 | Orc:2    | 25341 ||| Stepping ~*~*~tactically~*~*~ (hiding).
 25345 | Orc:2    | 25345 ||| INVOKING Brothers in Arms.
 25346 | Orc:2    | 25346 ||| INVOKING Brothers in Arms.
 25374 | Orc:2    | 25374 ||| FLEEEEING.
 25380 | Orc:2    | 25380 ||| FLEEEEING.
 25381 | Orc:2    | 25381 ||| FLEEEEING.
 25401 | Orc:2    | 25401 ||| Stepping ~*~*~tactically~*~*~ (stealth).
 25420 | Orc:2    | 25420 ||| INVOKING Berserk.
 25428 | Orc:2    | 25428 ||| Stepping ~*~*~tactically~*~*~ (hiding).
 25432 | Orc:2    | 25432 ||| INVOKING Brothers in Arms.
 25482 | Orc:2    | 25482 ||| Stepping ~*~*~tactically~*~*~ (stealth).
 25483 | Orc:2    | 25483 ||| Stepping ~*~*~tactically~*~*~ (stealth).
 25484 | Orc:2    | 25484 ||| Stepping ~*~*~tactically~*~*~ (stealth).
 25485 | Orc:2    | 25485 ||| Stepping ~*~*~tactically~*~*~ (stealth).
 25488 | Orc:2    | 25488 ||| INVOKING Berserk.
 25712 | Orc:2    | Found Idwagian's Magic Scroll Shoppe.
 25714 | Orc:2    | Found Buiras's Armour Shoppe.
 25717 | Orc:2    | Found Bakkesih's Magic Scroll Emporium.
 25718 | Orc:2    | Found Vewau's Distillery.
 25722 | Orc:2    | 25722 ||| BUYING +0 pair of gloves of Dishonesty {rF+} (259
                  | gold).
 25722 | Orc:2    | Bought the +0 pair of gloves of Dishonesty {rF+} for 259
                  | gold pieces
 25723 | Orc:2    | 25723 ||| BUYING 2 scrolls of identify (52 gold).
 25723 | Orc:2    | Bought 2 scrolls of identify for 52 gold pieces
 25723 | Orc:2    | 25723 ||| BUYING scroll of enchant armour (97 gold).
 25723 | Orc:2    | Bought a scroll of enchant armour for 97 gold pieces
 25723 | Orc:2    | 25723 ||| BUYING scroll of enchant armour (97 gold).
 25723 | Orc:2    | Bought a scroll of enchant armour for 97 gold pieces
 25723 | Orc:2    | 25723 ||| BUYING scroll of enchant weapon (97 gold).
 25723 | Orc:2    | Bought a scroll of enchant weapon for 97 gold pieces
 25723 | Orc:2    | 25723 ||| BUYING scroll of enchant weapon (97 gold).
 25723 | Orc:2    | Bought a scroll of enchant weapon for 97 gold pieces
 25723 | Orc:2    | 25723 ||| BUYING scroll of identify (26 gold).
 25723 | Orc:2    | Bought a scroll of identify for 26 gold pieces
 25723 | Orc:2    | 25723 ||| BUYING scroll of teleportation (39 gold).
 25723 | Orc:2    | Bought a scroll of teleportation for 39 gold pieces
 25723 | Orc:2    | 25723 ||| BUYING scroll of teleportation (39 gold).
 25723 | Orc:2    | Bought a scroll of teleportation for 39 gold pieces
 25723 | Orc:2    | 25723 ||| READING 2 scrolls of enchant armour.
 25723 | Orc:2    | 25723 ||| ENCHANTING +1 plate armour.
 25724 | Orc:2    | 25724 ||| READING scroll of enchant armour.
 25724 | Orc:2    | 25724 ||| ENCHANTING +2 plate armour.
 25728 | Orc:2    | 25728 ||| BUYING scroll of enchant armour (97 gold).
 25728 | Orc:2    | Bought a scroll of enchant armour for 97 gold pieces
 25728 | Orc:2    | 25728 ||| BUYING scroll of identify (26 gold).
 25728 | Orc:2    | Bought a scroll of identify for 26 gold pieces
 25728 | Orc:2    | 25728 ||| BUYING scroll of identify (26 gold).
 25728 | Orc:2    | Bought a scroll of identify for 26 gold pieces
 25728 | Orc:2    | 25728 ||| READING scroll of enchant armour.
 25728 | Orc:2    | 25728 ||| ENCHANTING +3 plate armour.
 25730 | Orc:2    | 25730 ||| BUYING potion of cancellation (96 gold).
 25730 | Orc:2    | Bought a potion of cancellation for 96 gold pieces
 25730 | Orc:2    | 25730 ||| BUYING potion of haste (120 gold).
 25730 | Orc:2    | Bought a potion of haste for 120 gold pieces
 25814 | Orc:2    | 25814 ||| UPGRADING to +0 pair of gloves of Dishonesty
                  | {rF+}.
 25887 | Orc:1    | 25887 ||| Stepping ~*~*~tactically~*~*~ (hiding).
 25889 | Orc:1    | 25889 ||| Stepping ~*~*~tactically~*~*~ (hiding).
 26129 | Orc:1    | 26129 ||| PLANNING SPIDER:1-3
 26284 | Spider:1 | Entered Level 1 of the Spider Nest
 26298 | Spider:1 | 26298 ||| INVOKING Brothers in Arms.
 26313 | Spider:1 | 26313 ||| INVOKING Brothers in Arms.
 26316 | Spider:1 | 26316 ||| INVOKING Brothers in Arms.
 26317 | Spider:1 | 26317 ||| INVOKING Brothers in Arms.
 26323 | Spider:1 | Reached skill level 15 in Armour
 26390 | Spider:1 | 26390 ||| Stepping ~*~*~tactically~*~*~ (stealth).
 26391 | Spider:1 | 26391 ||| Stepping ~*~*~tactically~*~*~ (stealth).
 26392 | Spider:1 | 26392 ||| Stepping ~*~*~tactically~*~*~ (hiding).
 26393 | Spider:1 | 26393 ||| Stepping ~*~*~tactically~*~*~ (hiding).
 26394 | Spider:1 | 26394 ||| Stepping ~*~*~tactically~*~*~ (hiding).
 26395 | Spider:1 | 26395 ||| Stepping ~*~*~tactically~*~*~ (hiding).
 26412 | Spider:1 | 26412 ||| Stepping ~*~*~tactically~*~*~ (stealth).
 26414 | Spider:1 | 26414 ||| INVOKING Brothers in Arms.
 26415 | Spider:1 | 26415 ||| INVOKING Brothers in Arms.
 26429 | Spider:1 | 26429 ||| INVOKING Brothers in Arms.
 26911 | Spider:1 | 26911 ||| INVOKING Berserk.
 27102 | Spider:2 | 27102 ||| STAIRDANCE
 27108 | Spider:2 | 27108 ||| STAIRDANCE
 27110 | Spider:1 | 27110 ||| INVOKING Berserk.
 27113 | Spider:1 | Reached skill level 18 in Fighting
 27246 | Spider:2 | 27246 ||| STAIRDANCE
 27279 | Spider:2 | 27279 ||| INVOKING Berserk.
 27282 | Spider:2 | Reached skill level 6 in Dodging
 27286 | Spider:2 | 27286 ||| STAIRDANCE
 27399 | Spider:2 | 27399 ||| STAIRDANCE
 27419 | Spider:2 | Reached XP level 16. HP: 154/157 MP: 15/15
 27434 | Spider:2 | 27434 ||| Stepping ~*~*~tactically~*~*~ (hiding).
 27573 | Spider:2 | 27573 ||| READING scroll of enchant armour.
 27573 | Spider:2 | 27573 ||| ENCHANTING +4 plate armour.
 27582 | Spider:2 | Found a transporter.
 27584 | Spider:2 | Found a transporter.
 27641 | Spider:2 | Identified the +2 robe "Juturauf" {*Corrode Fly Regen+
                  | Str+2}
 27948 | Spider:3 | 27948 ||| Stepping ~*~*~tactically~*~*~ (stealth).
 27952 | Spider:3 | Noticed Jorgrun
 27957 | Spider:3 | 27957 ||| INVOKING Berserk.
 27960 | Spider:3 | Killed Jorgrun
 27989 | Spider:3 | 27989 ||| DRINKING 9 potions of curing.
 27989 | Spider:3 | 27989 ||| (to cure confusion)
 28160 | Spider:3 | Identified the +1 robe "Qip Upta" {Drain rF- rN+++ Will+}
 28477 | Spider:3 | 28477 ||| DROPPING +1 cloak.
 28730 | Spider:3 | Received a gift from Trog
 28775 | Spider:3 | 28775 ||| PLANNING SHOALS:1-3
 28875 | Shoals:1 | Entered Level 1 of the Shoals
 28888 | Shoals:1 | Reached skill level 19 in Fighting
 28889 | Shoals:1 | 28889 ||| Stepping ~*~*~tactically~*~*~ (water).
 28902 | Shoals:1 | 28902 ||| Stepping ~*~*~tactically~*~*~ (water).
 28904 | Shoals:1 | 28904 ||| INVOKING Berserk.
 28923 | Shoals:1 | 28923 ||| INVOKING Trog's Hand.
 28924 | Shoals:1 | 28924 ||| INVOKING Brothers in Arms.
 28932 | Shoals:1 | 28932 ||| INVOKING Brothers in Arms.
 28938 | Shoals:1 | 28938 ||| INVOKING Brothers in Arms.
 29054 | Shoals:1 | Identified the +14 chain mail "Edghi" {-Cast rF+++ Dex+4}
 29459 | Shoals:1 | 29459 ||| UPGRADING to +14 chain mail "Edghi" {-Cast rF+++
                  | Dex+4}.
 29469 | Shoals:1 | 29469 ||| DROPPING +5 plate armour.
 29470 | Shoals:1 | 29470 ||| DROPPING +1 plate armour of Duotyune {-Tele rPois
                  | Will- Stlth+}.
 29481 | Shoals:2 | 29481 ||| Stepping ~*~*~tactically~*~*~ (hiding).
 29483 | Shoals:2 | 29483 ||| Stepping ~*~*~tactically~*~*~ (hiding).
 29495 | Shoals:2 | 29495 ||| Stepping ~*~*~tactically~*~*~ (stealth).
 29512 | Shoals:2 | 29512 ||| INVOKING Berserk.
 29528 | Shoals:2 | 29528 ||| Stepping ~*~*~tactically~*~*~ (water).
 29537 | Shoals:2 | 29537 ||| INVOKING Brothers in Arms.
 29542 | Shoals:2 | HP: 40/160 [merfolk/+0 glaive[a merfolk impaler] (3)]
 29543 | Shoals:2 | 29543 ||| READING 11 scrolls of teleportation.
 29543 | Shoals:2 | HP: 3/160 [alligator snapping turtle (31)]
 29543 | Shoals:2 | Slain by a merfolk

Levels and vault maps discovered:
D:1:      amcnicky_arrival_gap_in_the_tavern_cellar, layout_basic,
          dreamdust_ecumenical_altar_sealed_demon, serial_shops, shop
D:2:      layout_loops_cross, minivault_25
D:3:      layout_basic, nicolae_dithmenos_shadow_blocks,
          mainiacjoe_overflow_surrounded_room
D:4:      layout_cave_pools, serial_column_ruins, column_ruins_hut,
          column_ruins_grid_1, column_ruins_columns_dead_end,
          column_ruins_open_small, column_ruins_grid_1, column_ruins_open_tiny,
          column_ruins_open_tiny, column_ruins_grid_3
D:5:      layout_loops_corners
D:6:      layout_basic, dk_noncrumbling_3
D:7:      layout_basic, grunt_temple_overflow_open, minmay_temple_entry_glass,
          feat_on_display, uniq_prince_ribbit1
D:8:      layout_loops_ring, mainiacjoe_overflow_catwalk
D:9:      layout_basic, uniq_harold, uniq_erolcha
D:10:     layout_stronghold, nicolae_uskayaw_en_pointe, lair_entry_dummy,
          gammafunk_ghost_berserking_beasts, minmay_variable_closet, uniq_maggie
D:11:     layout_stronghold, minmay_orc_entry_temple_small,
          hangedman_decor_peaks_small, minivault_8
D:12:     layout_loops_ring, serial_ice, serial_ice_i, serial_ice_g,
          serial_ice_d, serial_ice_e, serial_ice_c, serial_ice_h,
          gauntlet_entry_generic
D:13:     layout_basic, david_vaults_1
D:14:     layout_long_grid
D:15:     gammafunk_enter_depths_forms, layout_loops_ring, bloody_makhleb,
          gammafunk_ghost_grave, nrook_guardian_serpent_ordinary
Lair:1:   layout_small_grid, st_stairs_10, chequers_serial_rivers_large_b,
          uniq_sonja
Lair:2:   beast_lair_carwin_large_1, layout_chaotic_city,
          nicolae_spider_entry_tight_spaces, wad_woods_river_04
Lair:3:   layout_roguey, minmay_shoals_entry_hut,
          cheibrodos_lair_caveside_slide, hangedman_lair_generics_rect,
          uniq_rupert
Lair:4:   layout_hall_layers, serial_bayou_shore_a, uniq_kirke
Lair:5:   evilmike_catoblepas_cave, layout_hall_layers, slime_entry_2,
          lemuel_centaur_altar
Shoals:1: argonaut_golden_fleece, layout_shoals
Shoals:2: layout_shoals, kb_tengu_band, uniq_polyphemus
Spider:1: layout_spider_delve
Spider:2: gammafunk_boulding_lane
Spider:3: lemuel_spider_zombies, uniq_arachne, uniq_jorgrun
Orc:1:    layout_caves, portal_ice_cave_rime
Orc:2:    st_orc_pillars, layout_diamond_mine,
          gammafunk_ghost_wrathful_warriors, minmay_orc_temple_c

Skill      XL: |  1  2  3  4  5  6  7  8  9 10 11 12 13 14 15 16 |
---------------+-------------------------------------------------+-----
Axes           | 4 5 6 7 9 10 13 14 16 18 | 18.0
Shields        | 1 3 4 5 6 7 9 10 11 13 14 15 16 | 16.7
Fighting       | 4 6 7 8 10 13 15 16 18 19 | 19.0
Armour         | 3 4 6 9 10 12 13 15 16 | 16.1
Throwing       | 1 2 3 4 6 7 |  7.0
Dodging        | 3 4 5 6 8 |  8.9

Action                   |  1- 3 |  4- 6 |  7- 9 | 10-12 | 13-15 | 16-18 || total
-------------------------+-------+-------+-------+-------+-------+-------++-------
Melee: Hand axe          |    88 |    95 |   129 |       |       |       ||   312
       Headbutt          |    12 |    12 |    39 |    36 |   140 |    74 ||   313
       War axe           |       |       |    60 |   296 |   243 |       ||   599
       Flail             |       |       |       |     6 |    14 |       ||    20
       Broad axe         |       |       |       |       |   405 |   258 ||   663
       Whip              |       |       |       |       |    23 |       ||    23
Throw: Boomerang         |       |     9 |    49 |   117 |   206 |    15 ||   396
       Javelin           |       |       |       |       |     3 |       ||     3
Invok: Berserk           |     2 |     5 |    10 |    21 |    32 |     3 ||    73
       Trog's Hand       |       |       |       |     2 |     3 |     1 ||     6
       Brothers in Arms  |       |       |       |     1 |    15 |     4 ||    20
  Use: Scroll            |     3 |     7 |     4 |     4 |    11 |     2 ||    31
       Potion            |     1 |     3 |     2 |     2 |     1 |     1 ||    10
Armor: Animal skin       |     9 |       |       |       |       |       ||     9
       Chain mail        |    22 |    36 |    79 |    18 |       |    86 ||   241
       Plate armour      |       |       |       |    89 |   288 |    76 ||   453
Dodge: Dodged            |    42 |    15 |    27 |    63 |    77 |    46 ||   270
Block: Kite shield       |    16 |    19 |    52 |   115 |   628 |   410 ||  1240

Table legend:
 A = Non-vault XP
 B = Vault XP
 C = Vault XP percentage of total XP
 D = Non-vault monster count
 E = Vault monster count
 F = Vault count percentage of total count
                 A         B        C        D         E       F
            +---------+---------+-------+---------+---------+-------
      Total |  134948 |   63881 |  32.1 |     609 |     227 |  27.2
            +---------+---------+-------+---------+---------+-------
        D:1 |      28 |       0 |   0.0 |      16 |       0 |   0.0
        D:2 |      54 |       0 |   0.0 |      25 |       0 |   0.0
        D:3 |      58 |       0 |   0.0 |      15 |       0 |   0.0
        D:4 |     301 |       0 |   0.0 |      16 |       0 |   0.0
        D:5 |     378 |       0 |   0.0 |      13 |       0 |   0.0
        D:6 |    1219 |       0 |   0.0 |      22 |       0 |   0.0
        D:7 |     978 |     251 |  20.4 |      13 |       1 |   7.1
        D:8 |    1472 |       0 |   0.0 |      32 |       0 |   0.0
        D:9 |     842 |    1727 |  67.2 |       7 |       2 |  22.2
       D:10 |    2795 |     389 |  12.2 |      20 |       1 |   4.8
       D:11 |    1952 |    2027 |  50.9 |      13 |      10 |  43.5
       D:12 |    3605 |    2911 |  44.7 |      12 |      21 |  63.6
       D:13 |    2995 |    1055 |  26.0 |       5 |       2 |  28.6
       D:14 |    7018 |       0 |   0.0 |      18 |       0 |   0.0
       D:15 |    7451 |    5597 |  42.9 |      18 |      10 |  35.7
     Lair:1 |    7591 |    2041 |  21.2 |      31 |       6 |  16.2
     Lair:2 |    7633 |    2298 |  23.1 |      37 |      15 |  28.8
     Lair:3 |    4861 |    5276 |  52.0 |      17 |      10 |  37.0
     Lair:4 |    5568 |    1452 |  20.7 |      21 |       1 |   4.5
     Lair:5 |   14477 |   11269 |  43.8 |      48 |      27 |  36.0
   Shoals:1 |    9834 |       0 |   0.0 |      23 |       0 |   0.0
   Shoals:2 |    8776 |    1161 |  11.7 |      15 |       2 |  11.8
   Spider:1 |   23378 |       0 |   0.0 |      64 |       0 |   0.0
   Spider:2 |    8333 |       0 |   0.0 |      18 |       0 |   0.0
   Spider:3 |    7746 |   12239 |  61.2 |      21 |      27 |  56.2
      Orc:1 |    2805 |     702 |  20.0 |      34 |       2 |   5.6
      Orc:2 |    2800 |   13486 |  82.8 |      35 |      90 |  72.0
            +---------+---------+-------+---------+---------+-------
